 Dungeon Crawl Stone Soup version 0.26-a0-540-g8a0c9464d7 (webtiles) character file.

Game seed: 3204786335154174774

4 vurker the Sneak (level 1, -1/18 HPs)
             Began as a Formicid Delver on Aug 24, 2020.
             Slain by an orc wizard
             ... wielding a +0 dagger
              (3 damage)
             ... on level 5 of the Dungeon.
             The game lasted 00:00:34 (97 turns).

vurker the Sneak (Formicid Delver)                    Turns: 97, Time: 00:00:34

Health: -1/18      AC:  3    Str: 16    XL:     1   Next: 66%
Magic:  1/1        EV: 12    Int:  9    God:
Gold:   0          SH:  0    Dex: 12    Spells: 0/0 levels left

rFire    . . .     SeeInvis +   a - +0 hand axe
rCold    . . .     Faith    .   (no shield)
rNeg     . . .     Spirit   .   b - +0 leather armour
rPois    .         Reflect  .   (helmet unavailable)
rElec    .         Harm     .   (no cloak)
rCorr    .                      (no gloves)
MR       .....                  (no boots)
Stlth    +++.......             (no amulet)
HPRegen  0.06/turn              (no ring)
MPRegen  0.07/turn              (no ring)

@: no status effects
A: permanent stasis, dig shafts and tunnels, four strong arms, antennae 3
a: Dig, Shaft Self


You were on level 5 of the Dungeon.
You visited 1 branch of the dungeon, and saw 1 of its levels.

Inventory:

Hand Weapons
 a - a +0 hand axe (weapon)
Armour
 b - a +0 leather armour (worn)
Wands
 v - a wand of digging (3)
Scrolls
 c - a scroll of fog
 d - a scroll of magic mapping
 e - a scroll of fear


   Skills:
 + Level 3.3 Fighting
 * Level 2.2 Axes
 - Level 1.7 Dodging
 - Level 6.0 Stealth


You couldn't memorise any spells.
You didn't know any spells.
Your spell library contained the following spells:

 Spells                   Type           Power        Failure   Level
 Beastly Appendage        Tmut           #.....       45%         1
 Sandblast                Erth           #.....       45%         1
 Passwall                 Tmut/Erth      #.......     58%         2
 Wereblood                Tmut           #.......     58%         2
 Spider Form              Tmut/Pois      #.........   83%         3
 Stone Arrow              Conj/Erth      #.....       83%         3
 Ice Form                 Ice/Tmut       #.......     99%         4
 Petrify                  Tmut/Erth      #.......     99%         4
 Blade Hands              Tmut           #.........   100%        5
 Lee's Rapid Deconstruct  Erth           #.........   100%        5


Dungeon Overview and Level Annotations

Branches:
Dungeon (5/15)
 Temple: D:4-7

Altars:
Nemelex Xobeh


Innate Abilities, Weirdness & Mutations

You cannot be hasted, slowed, berserked, paralysed or teleported.
You can dig through walls and to a lower floor.
Your four strong arms can wield two-handed weapons with a shield.
You have a pair of large antennae on your head. (SInv)


Message History

No target in view!
No target in view!
No target in view!
Unknown command.
Things that are here:
a +0 dagger; a +0 scale mail
Found a leatherbound book.
You pick up a book of Geomancy and begin reading...
You add the spells Sandblast, Passwall, Stone Arrow, Petrify and Lee's Rapid Deconstruction to your library.
Found 7 gold pieces.
Found a sparkling altar of Nemelex Xobeh.
An orc comes into view. It is wielding a +0 club.
An orc is nearby!
A worker ant comes into view.
The orc shouts!
You see here 7 gold pieces.
You extend your mandibles.
You dig through the rock wall.
The orc wizard shouts!
You dig through the rock wall.
You dig through the rock wall.
You retract your mandibles.
You closely miss the orc. The orc hits you but does no damage.
You slash the orc!
You kill the orc!
You hit the orc wizard. The orc wizard casts a spell at you.
The magic dart hits you!
Ouch! That really hurt!
* * * LOW HITPOINT WARNING * * *
You hit the orc wizard but do no damage.
The orc wizard hits you with a +0 dagger.
* * * LOW HITPOINT WARNING * * *
You hit the orc wizard but do no damage.
The orc wizard barely misses you.
The orc wizard hits you with a +0 dagger.
* * * LOW HITPOINT WARNING * * *
You hit the orc wizard. The orc wizard barely misses you.
You closely miss the orc wizard.
The orc wizard hits you with a +0 dagger.
* * * LOW HITPOINT WARNING * * *
You barely miss the orc wizard. The orc wizard barely misses you.
You hit the orc wizard.
The orc wizard points at you and mumbles some strange words.
You resist with significant effort.
You hit the orc wizard.
The orc wizard hits you with a +0 dagger.
* * * LOW HITPOINT WARNING * * *
The orc wizard hits you with a +0 dagger.
You die...

### ##@# #o## ##.##
############.####
####...........$...####
##)##.########..........
#.#.#.# #.......##..
####..# #........o...
#.#.# ##.......##..


You could see an orc wizard.

Vanquished Creatures
  2 orcs (D:5)
2 creatures vanquished.

Notes
Turn   | Place    | Note
-------+----------+-------------------------------------------
     0 | D:5      | vurker the Formicid Delver began the quest for the Orb.
     0 | D:5      | Reached XP level 1. HP: 18/18 MP: 1/1
    21 | D:5      | Noticed an orc wizard
    77 | D:5      | Found a sparkling altar of Nemelex Xobeh.
    80 | D:5      | Noticed a worker ant
    97 | D:5      | Slain by an orc wizard

Illustrated notes

Levels and vault maps discovered:
D:5:      layout_loops_ring, nemelex_xobeh_ov_fountains_minmay,
          minmay_temple_entry_tees, serial_shops, shop_statue, uniq_grinder

Action                   || total
-------------------------++-------
Melee: Hand axe          ||    19
 Abil: Dig               ||     2
Armor: Leather armour    ||     1
Dodge: Dodged            ||    10

Table legend: (Time is in decaauts)
 A = Elapsed time spent in this place.
 B = Non-inter-level travel time spent in this place.
 C = Inter-level travel time spent in this place.
 D = Time resting spent in this place.
 E = Time spent auto-exploring this place.
 F = Levels seen in this place.
 G = Mean time per level.
                   A        B        C        D        E       F      G
               +--------+--------+--------+--------+--------+-----+--------+
         Total |    102 |    102 |      0 |      0 |     45 |   1 |  102.0 |
       Dungeon |    102 |    102 |      0 |      0 |     45 |   1 |  102.0 |
               +--------+--------+--------+--------+--------+-----+--------+

Top non-repeatable levels by time:
     D:5: 102 daAuts
